 Dungeon Crawl Stone Soup version 0.16-a0-2675-g216447c (webtiles) character file.

326 monstruo the Basher (level 6, -7/51 HPs)
             Began as a Minotaur Berserker on Nov 23, 2014.
             Was an Elder of Trog.
             Killed from afar by an orc wizard (8 damage)
             ... with a puff of flame
             ... on level 4 of the Dungeon on Nov 24, 2014.
             The game lasted 00:15:02 (3086 turns).

monstruo the Basher (Minotaur Berserker)            Turns: 3086, Time: 00:15:02

Health: -7/51      AC:  9    Str: 22    XL:     6   Next: 24%
Magic:  3/3        EV:  4    Int:  7    God:    Trog [****..]
Gold:   128        SH:  7    Dex: 11    Spells: 0 memorised, 5 levels left

rFire  . . .     SeeInvis .     a - +0 mace
rCold  . . .     Clarity  .     r - +0 chain mail (curse)
rNeg   . . .     SustAb   .     v - +0 shield
rPois  .         Gourm    .     (helmet restricted)
rElec  .         Spirit   .     (no cloak)
rCorr  .         Warding  .     (no gloves)
rMut   .         Stasis   .     q - +0 pair of boots
MR     .....                    (no amulet)
Stlth  ..........               (no ring)
                                t - +3 ring of intelligence

@: not resistant to hostile enchantments, extremely unstealthy
A: retaliatory headbutt, horns 2
a: Burn Spellbooks, Berserk, Trog's Hand, Brothers in Arms, Renounce Religion


You were on level 4 of the Dungeon.
You worshipped Trog.
Trog was greatly pleased with you.
You were not hungry.

You visited 1 branch of the dungeon, and saw 4 of its levels.

You collected 128 gold pieces.

Inventory:

Hand weapons
 a - a +0 mace (weapon)
Armour
 q - a +0 pair of boots (worn)
 r - a cursed +0 chain mail (worn)
 v - a +0 shield (worn)
Jewellery
 t - a +3 ring of intelligence (left hand)
Magical devices
 s - a wand of frost (21)
Scrolls
 b - a scroll of magic mapping {unknown}
 e - a scroll of recharging {unknown}
 g - 2 scrolls of remove curse
 h - a scroll of immolation
 i - 2 scrolls of enchant weapon {unknown}
 j - 4 scrolls of identify {unknown}
 l - a scroll of blinking {unknown}
 x - a scroll of fear {unknown}
Potions
 f - 2 potions of haste {unknown}
 m - 2 potions of agility {unknown}
 o - 3 potions of curing {unknown}
 u - a potion of beneficial mutation {unknown}
 w - a potion of degeneration {unknown}
Comestibles
 c - 3 bread rations
 d - 5 meat rations
 n - 7 fruits
 p - a beef jerky


   Skills:
 - Level 3.6 Fighting
 + Level 8.5 Maces & Flails
 - Level 2.4 Armour
 - Level 2.1 Dodging


You had 5 spell levels left.
You didn't know any spells.

Dungeon Overview and Level Annotations

Branches:
Dungeon (4/15)
 Temple: D:4-7

Altars:
Ashenzari
Elyvilon
Fedhas
Qazlal

Annotations:
D:4 Eustachio


Innate Abilities, Weirdness & Mutations

You reflexively headbutt those who attack you in melee.
You have a pair of horns on your head.


Message History

You hear some strange, mumbled words.
The puff of frost hits you! The puff of flame hits you!
The puff of frost hits you!
* * * LOW HITPOINT WARNING * * *
Eustachio casts a spell.
You hear some strange, mumbled words.
The puff of frost hits you!
* * * LOW HITPOINT WARNING * * *
Read which item? (? for menu, Esc to quit)
As you read the scroll labeled TEH GRADEANENO, it crumbles to dust.
Your +0 mace glows faint grey for a moment.
It was a scroll of random uselessness.
Something hits you but does no damage.
Read which item? (? for menu, Esc to quit)
As you read the scroll labeled YGO COBU WYNGY, it crumbles to dust.
The creatures around you are filled with an inner flame!
It was a scroll of immolation.
You hear some strange, mumbled words.
The puff of flame hits you!
You die...

###..#.######.##.##..#.#..#
#........##.##.##..# ..
####)#.....##.##.##..# .#
...@)................# #
.........#.##.##.##.##
..$......r.@..@..##.#
.##......#.##.#r.##.#
.#.......####.#..##.#
...?..#.## #.#.@##.#
.##...#.# #.#..##.# .
#...#.#####.#..##.#
#.................#
....###........####
##.............#
#####.###.#.....###########
.##...... #.>.............#
.. ..... #.....#########.#


You could see Eustachio (inner flame) and a river rat.

Vanquished Creatures
  A hound (D:3)
  An orc wizard (D:3)
  A worker ant (D:4)
  11 adders
  A giant mite (D:3)
  4 worms
  3 giant geckos
  9 orcs
  A ball python (D:2)
  A bat zombie (D:4)
  4 giant cockroaches
  6 goblins
  13 hobgoblins
  10 jackals
  9 bats
  7 giant newts
  8 kobolds
  2 quokkas
  10 rats
102 creatures vanquished.

Notes
Turn   | Place    | Note
--------------------------------------------------------------
     0 | D:1      | monstruo, the Minotaur Berserker, began the quest for the Orb.
     0 | D:1      | Reached XP level 1. HP: 19/19 MP: 1/1
    44 | D:1      | Reached skill level 4 in Maces & Flails
   120 | D:1      | Reached XP level 2. HP: 20/26 MP: 1/1
   217 | D:1      | Acquired Trog's second power
   543 | D:1      | Reached skill level 5 in Maces & Flails
   552 | D:1      | Reached XP level 3. HP: 29/31 MP: 2/2
  1322 | D:2      | Reached XP level 4. HP: 39/39 MP: 2/2
  1326 | D:2      | Found a blossoming altar of Fedhas.
  1331 | D:2      | Reached skill level 6 in Maces & Flails
  1383 | D:2      | Upgraded the game from 0.16-a0-2652-gd333f3b to 0.16-a0-2675-g216447c
  1693 | D:3      | Found a shattered altar of Ashenzari.
  1789 | D:3      | Reached XP level 5. HP: 45/45 MP: 2/2
  1792 | D:3      | Reached skill level 7 in Maces & Flails
  2013 | D:3      | Acquired Trog's third power
  2424 | D:3      | Found a stormy altar of Qazlal.
  2424 | D:3      | Found a white marble altar of Elyvilon.
  2491 | D:4      | Reached skill level 8 in Maces & Flails
  2517 | D:4      | Reached XP level 6. HP: 30/51 MP: 3/3
  3047 | D:4      | Noticed Eustachio
  3084 | D:4      | HP: 1/51 [something/puff of frost (9)]
  3086 | D:4      | Killed from afar by an orc wizard

Action                   |  1- 3 |  4- 6 || total
-------------------------+-------+-------++-------
Melee: Mace              |    82 |   170 ||   252
Invok: Burn Spellbooks   |       |     1 ||     1
  Use: Scroll            |     1 |     2 ||     3
  Eat: Chunk             |     1 |     6 ||     7
